 Dungeon Crawl Stone Soup version 0.30-a0-341-g682706514a (webtiles) character file.

Game seed: 6943258361758930783

130589 porpoise the Warrior (level 17, -38/131 HPs)
             Began as a Djinni Fire Elementalist on Nov 1, 2022.
             Was the Champion of Makhleb.
             Annihilated by an ettin
             ... wielding a +0 dire flail
              (48 damage)
             ... on level 1 of the Orcish Mines on Nov 2, 2022.
             The game lasted 04:01:34 (33404 turns).

porpoise the Warrior (Djinni Fire Elementalist)    Turns: 33404, Time: 04:01:35

Health: -38/131    AC: 14    Str:  4    XL:     17   Next: 64%
Gold:   1088       EV: 20    Int: 26    God:    Makhleb [******] SH:  7 Dex: 24

rFire   + + +      SeeInvis .    a - +4 demon whip (drain)
rCold   + . .      Faith    .    F - +0 buckler
rNeg    + + .      Spirit   .    O - +4 leather armour of Temperance {rF+ Dex+6}
rPois   ∞          Reflect  .    X - +1 helmet
rElec   +          Harm     .    x - +0 cloak
rCorr   .          Rampage  .    E - +1 pair of gloves
Will    ++...                    (boots unavailable)
Stlth   ++........               l - amulet of regeneration
HPRegen 1.21/turn                j - ring "Fiephiej" {Contam Fly rC+ Str-3 Int+5}
MPRegen 0.00/turn                n - ring "Vyskueg" {rElec rC+ rN++ Will+ Stlth-}

@: flying, studying Armour, silenced
A: sickness immunity, fire resistance 2, cold vulnerability 1, float, innate
caster, HP casting, extra vitality 1
a: Renounce Religion


You were on level 1 of the Orcish Mines.
You worshipped Makhleb.
Makhleb was exalted by your worship.
You visited 5 branches of the dungeon, and saw 25 of its levels.

You collected 2998 gold pieces.
You spent 1910 gold pieces at shops.

Inventory:

Hand Weapons
 a - a +4 demon whip of draining (weapon)
 b - the +8 lance "Wyrmbane" {slay drac, rPois rF+ rC+ AC+3}
   (You bought it in a shop on level 2 of the Orcish Mines)

   It inflicts extra damage against dragons and draconians.
   AC:        It affects your AC (+3).
   rF:        It protects you from fire.
   rC:        It protects you from cold.
   rPois:     It protects you from poison.
 g - the +4 short sword "Atzeppigg" {freeze, rElec rN++ Str-2}
   (You found it on level 2 of the Spider Nest)

   It freezes those it strikes, dealing additional cold damage.
   It can also slow down cold-blooded creatures.
   Str:       It affects your strength (-2).
   rElec:     It insulates you from electricity.
   rN:        It greatly protects you from negative energy.
Missiles
 G - 3 boomerangs
 S - a curare-tipped dart (quivered)
Armour
 x - a +0 cloak (worn)
 E - a +1 pair of gloves (worn)
 F - a +0 buckler (worn)
 O - the +4 leather armour of Temperance (worn) {rF+ Dex+6}
   (You took it off a deep elf knight on level 14 of the Dungeon)

   Dex:       It affects your dexterity (+6).
   rF:        It protects you from fire.
 X - a +1 helmet (worn)
Magical Staves
 d - a staff of cold
 p - a staff of fire
Jewellery
 i - a ring of see invisible
 j - the ring "Fiephiej" (left hand) {Contam Fly rC+ Str-3 Int+5}
   (You found it on level 12 of the Dungeon)

   [ring of flight]

   Str:       It affects your strength (-3).
   Int:       It affects your intelligence (+5).
   rC:        It protects you from cold.
   Fly:       It grants you flight.
   Contam:    It causes magical contamination when unequipped.
 k - a +6 ring of strength
 l - an amulet of regeneration (around neck)
 n - the ring "Vyskueg" (right hand) {rElec rC+ rN++ Will+ Stlth-}
   (You took it off a deep elf knight on level 14 of the Dungeon)

   [ring of protection from cold]

   rC:        It protects you from cold.
   rElec:     It insulates you from electricity.
   rN:        It greatly protects you from negative energy.
   Will:      It increases your willpower.
   Stlth:     It makes you less stealthy.
 U - a ring of resist corrosion
Wands
 e - a wand of charming (47)
 o - a wand of mindburst (7)
 r - a wand of flame (7)
 t - a wand of polymorph (13)
 I - a wand of quicksilver (32)
 M - a wand of roots (24)
Scrolls
 c - 4 scrolls of teleportation
 f - 5 scrolls of poison
 h - a scroll of enchant armour
 v - 3 scrolls of butterflies
 w - a scroll of noise
 y - 5 scrolls of immolation
 A - 2 scrolls of fear
 B - 5 scrolls of magic mapping
 J - 2 scrolls of vulnerability
 Y - 2 scrolls of blinking
Potions
 q - 3 potions of cancellation
 s - a potion of heal wounds
 u - a potion of might
 z - 2 potions of lignification
 C - a potion of resistance
 D - a potion of haste
 K - 9 potions of curing
 N - 2 potions of attraction
 P - 2 potions of ambrosia
 V - 4 potions of berserk rage
Miscellaneous
 m - a condenser vane
 H - a lightning rod (4/4)
 Q - a box of beasts (inert)
 T - a tin of tremorstones (2/2)


   Skills:
 - Level 15.0 Fighting
 - Level 6.0 Short Blades
 * Level 7.1 Maces & Flails
 + Level 10.1 Armour
 - Level 12.0 Dodging
 - Level 5.0 Stealth
 - Level 7.0 Shields
 * Level 12.4 Spellcasting
 - Level 9.0 Invocations
 - Level 5.0 Evocations


You couldn't memorise any spells.
You knew the following spells:

 Your Spells              Type           Power      Damage    Failure   Level
a - Foxfire               Conj/Fire      100%       2x1d9     1%          1
b - Scorch                Fire           100%       2d10      1%          2
c - Kindle Blastsparks    Fire/Tloc/Air  100%       2d18      1%          3
d - Inner Flame           Hex/Fire       69%        N/A       1%          3
e - Flame Wave            Conj/Fire      69%        2d16      1%          4
f - Shock                 Conj/Air       100%       1d9       1%          1
g - Ensorcelled Hibernat  Hex/Ice        100%       N/A       1%          2
h - Tukima's Dance        Hex            69%        N/A       1%          3
i - Sticky Flame          Conj/Fire      69%        2d8       1%          4
j - Animate Dead          Necr           69%        N/A       1%          4
k - Freezing Cloud        Conj/Ice/Air   34%        6-21      1%          5
l - Iron Shot             Conj/Erth      34%        9d7       6%          6
m - Summon Hydra          Summ           34%        N/A       34%         7
Your spell library was empty.

Dungeon Overview and Level Annotations

Branches:
Dungeon (15/15)            Temple (1/1) D:7            Lair (5/5) D:10
 Shoals (0/4) Lair:3       Spider (2/4) Lair:3        Slime (0/5) Lair:4
    Orc (2/2) D:10            Elf (0/3) Orc:2        Vaults (0/5) D:13
 Depths (0/4) D:15

Altars:
Ashenzari
Cheibriados
Dithmenos
Elyvilon
Fedhas
Gozag
Hepliaklqana
Makhleb
Nemelex Xobeh
Okawaru
Qazlal
Ru
Trog
Uskayaw
Wu Jian
Xom
Yredelemnul
Zin
The Shining One

Shops:
D:1 *   D:15 (   Orc:2 [?((

Portals:
Trove: D:11 (give 6 scrolls of fear)

Annotations:
D:6 2 transporters, DasBelly's ghost, novice DEFE
D:8 2 transporters, Vadun's ghost, novice GrGl
D:10 dig
Lair:5 3 runed translucent doors, Bravis's ghost, journeyman GnWn; kd29's ghost, journeyman DrTm
Orc:1 3 transporters, 1 runed translucent door, blackman's ghost, adept HuDe


Innate Abilities, Weirdness & Mutations

You are immune to sickness and miasma.
You are immune to poison.
Your flesh is very heat resistant. (rF++)
You are vulnerable to cold. (rC-)
You float through the air rather than walking.
You learn spells naturally, not from books.
Your magical power is your life essence.
You have superior vitality. (+4 MHP)


Message History

The troll bites your larval stingfire beast!!
Your larval stingfire beast dies!
Your larval stingfire beast's corpse disappears in a puff of smoke!
That's the wrong kind of item! (Use * to select it.) Evoke which item? (* to show all) (? for menu, Esc to quit)
Okay, then.
Aiming: Quicksilver Bolt
Press: ? - help, Shift-Dir - straight line, f/p - ettin
Aim: an ettin, wielding a +0 dire flail and a +1 dire flail of holy wrath (silenced, moderately wounded, berserk, unaware, hasn't noticed you, 94% to hit)
The bolt of dispelling energy hits the troll!
You kill the troll!
Makhleb accepts your kill.
The bolt of dispelling energy hits the ettin!!
The ettin is heavily wounded.
The ettin misses you.
The ettin hits you with a +1 dire flail of holy wrath!!
Aiming: Quicksilver Bolt
Press: ? - help, Shift-Dir - straight line, f/p - ettin
Aim: an ettin, wielding a +0 dire flail and a +1 dire flail of holy wrath (silenced, heavily wounded, berserk, 94% to hit)
The bolt of dispelling energy hits the ettin!!
The ettin is severely wounded.
The ettin hits you with a +0 dire flail!!!
The ettin closely misses you.
You hit the ettin but do no damage. You drain the ettin.
The ettin is severely wounded.
You block the ettin's attack. x2
The ettin hits you with a +0 dire flail!!
* * * LOW HITPOINT WARNING * * *
The ettin misses you.
Unknown command.
You feel much better. The ettin misses you.
The ettin hits you with a +1 dire flail of holy wrath!!!
* * * LOW HITPOINT WARNING * * *
The moth of wrath angrily waves its antennae.
Aiming: Quicksilver Bolt
Press: ? - help, Shift-Dir - straight line, f/p - ettin
Aim: an ettin, wielding a +0 dire flail and a +1 dire flail of holy wrath (silenced, severely wounded, berserk, lightly drained, 94% to hit)
The bolt of dispelling energy misses the ettin.
The ettin hits you with a +0 dire flail!!!
You die...

## ## °#ye o #### ## ##... ...
##..T .C... ###
########...###..⌠. #y#
###....#y#...#y#$.... ######
##.#....###''### $$...##....##
#........##.C@###[[=..##.....#
##......©##©÷.#W+_:?..##©.....
##.......##...###)[?.C##......
##.#.....###''####$$...##.....#
###........#y#...#y#$....
####..#
#.#..#.#######...###..⌠. #y#.##
......## ##....o.... ###..#
#....## ##...T... #.## ##..##
####### ###


You could see an ettin (berserk, drained), a moth of wrath (unsilenced) and a
silent spectre (silencing).

Vanquished Creatures
  Roxanne (D:14)
  An emperor scorpion (Spider:2)
  An orc warlord (Orc:2)
  A fire dragon (Lair:5)
  An entropy weaver (Spider:2)
  6 hydras
  Erolcha (D:11)
  3 catoblepae
  2 radroaches
  3 boulder beetles
  3 two-headed ogres
  3 centaur warriors
  16 death yaks
  2 tengu warriors (D:14)
  2 deep troll earth magi
  A hell knight (D:13)
  3 orc high priests (Orc:2)
  A deep elf knight (D:14)
  Amaemon (Lair:3)
  Sonja (D:11)
  5 pharaoh ants
  2 sun moths
  2 orb spiders
  A swamp dragon (Lair:5)
  3 lindwurms (Lair:5)
  2 steelbarb worms
  A necromancer (D:15)
  2 wizards
  12 ugly things
  3 harpies (D:15)
  4 deep elf pyromancers
  A deep elf zephyrmancer (D:15)
  6 cyclopes
  10 wolf spiders
  4 orc sorcerers
  9 manticores
  A black mamba (shapeshifter) (D:14)
  4 elephants (Lair:5)
  A naga mage (D:15)
  A guardian serpent (shapeshifter) (D:14)
  An orange demon (Lair:3)
  2 gargoyles
  5 black mambas
  9 torpor snails
  9 cane toads
  A cane toad (shapeshifter) (D:13)
  A centaur zombie (D:15)
  A centaur skeleton (D:15)
  7 rime drakes
  15 demonic crawlers
  A freezing wraith (D:13)
  7 yaktaurs (D:14)
  8 komodo dragons
  A tengu conjurer (D:14)
  7 trolls
  3 polar bears
  3 meliai
  5 hornets
  11 blink frogs
  8 tarantellas
  A slime creature (D:14)
  Sigmund (D:3)
  11 jumping spiders
  5 culicivoras
  A vampire (D:10)
  A centaur simulacrum (D:15)
  A water elemental (D:14)
  A shadow (D:12)
  4 wraiths
  Eustachio (D:4)
  49 yaks
  5 wyverns
  7 basilisks
  A golden eye (shapeshifter) (D:15)
  3 steam dragons
  27 redbacks
  15 vampire mosquitoes
  5 acid dragons
  Edmund (D:4)
  3 wargs
  A cane toad zombie (Lair:2)
  12 water moccasins
  A swamp drake (Lair:5)
  34 orc warriors
  5 black bears
  3 sky beasts
  4 ice beasts
  2 hornet zombies (D:15)
  3 blink frog zombies (Lair:2)
  6 ogres
  13 wolves
  8 centaurs
  A kobold brigand (D:7)
  2 gnoll sergeants
  8 bullfrogs
  A water moccasin zombie (Lair:2)
  A scorpion (D:5)
  A polar bear zombie (Lair:5)
  8 wights
  2 yak zombies (Lair:2)
  12 killer bees
  4 electric eels
  9 howler monkeys
  A bullfrog zombie (Lair:2)
  2 basilisk zombies (Lair:2)
  7 hounds
  2 jellies (D:5)
  36 orc priests
  Crazy Yiuf (D:4)
  29 orc wizards
  Jessica (D:3)
  Natasha (D:3)
  10 iguanas
  3 hell rats (Lair:4)
  A boggart skeleton (D:15)
  19 gnolls
  9 adders
  2 white imps
  3 shadow imps
  2 worms
  3 dart slugs
  83 orcs
  11 ball pythons
  12 endoplasms
  5 giant cockroaches
  9 goblins
  13 hobgoblins
  9 kobolds
  4 quokkas
  11 bats
  2 frilled lizards
  5 orc zombies (Orc:1)
  3 rats
  A bush (Lair:4)
816 creatures vanquished.

Vanquished Creatures (collateral kills)
  Rupert (D:15)
  A minotaur (D:14)
  A boulder beetle (D:14)
  2 death yaks
  An orc high priest (Orc:2)
  An elephant (Lair:5)
  A torpor snail (Lair:5)
  A black mamba (Lair:5)
  A cane toad (Lair:5)
  A rime drake (Lair:4)
  2 yaktaurs (D:14)
  A polar bear (Lair:5)
  4 blink frogs (Lair:2)
  13 yaks
  A basilisk (Lair:2)
  2 water moccasins
  2 wolves (Lair:5)
  A centaur (D:11)
  3 bullfrogs
  A yak zombie (Lair:4)
  2 hell rats (Lair:4)
  6 foxfires
49 creatures vanquished.

Vanquished Creatures (others)
  A minotaur (D:14)
  A death yak zombie (D:14)
  A minotaur zombie (D:14)
  A redback (Spider:2)
  3 dancing weapons
  A black bear (D:4)
  3 blink frog zombies (Lair:2)
  2 yaktaur zombies (D:14)
  A bullfrog (D:10)
  A polar bear zombie (Lair:4)
  5 yak zombies
  5 wolf zombies (Lair:5)
  A bullfrog zombie (Lair:2)
  An iguana (D:4)
  2 hell rat zombies (Lair:4)
  An adder (D:4)
  5 orc zombies (Orc:1)
  2 jackals (D:4)
  5 demonic plants (D:14)
  994 foxfires
  56 fungi
  78 plants
  3 toadstools (D:10)
1173 creatures vanquished.

Grand Total: 2038 creatures vanquished

Notes
Turn   | Place    | Note
-------+----------+-------------------------------------------
     0 | D:1      | porpoise the Djinni Fire Elementalist began the quest for
                  | the Orb.
     0 | D:1      | porpoise set off with the following spells memorised:
                  | Foxfire, Scorch, Kindle Blastsparks, Inner Flame, Flame
                  | Wave.
     0 | D:1      | Reached XP level 1. HP: 15/15 MP: 0/0
   102 | D:1      | Reached skill level 1 in Fighting
   102 | D:1      | Reached XP level 2. HP: 18/22 MP: 0/0
   262 | D:1      | Found a faded altar of an unknown god.
   284 | D:1      | Reached XP level 3. HP: 26/27 MP: 0/0
   284 | D:1      | Learned a level 1 spell: Shock
   498 | D:1      | Found Ekurah's General Store.
   628 | D:1      | Reached skill level 2 in Fighting
   869 | D:2      | Reached XP level 4. HP: 32/33 MP: 0/0
  1345 | D:2      | Reached XP level 5. HP: 39/40 MP: 0/0
  1345 | D:2      | Learned a level 2 spell: Ensorcelled Hibernation
  1428 | D:3      | Found a sacrificial altar of Ru.
  1500 | D:3      | Reached skill level 3 in Fighting
  1594 | D:3      | Noticed Jessica
  1599 | D:3      | Killed Jessica
  1760 | D:3      | Noticed Sigmund
  1769 | D:3      | Killed Sigmund
  1770 | D:3      | Reached skill level 4 in Fighting
  1770 | D:3      | Reached XP level 6. HP: 34/47 MP: 0/0
  2019 | D:3      | Noticed Natasha
  2036 | D:3      | Killed Natasha
  2178 | D:3      | Reached XP level 7. HP: 49/53 MP: 0/0
  2178 | D:3      | Learned a level 3 spell: Tukima's Dance
  2597 | D:4      | Found a hide-covered altar of Uskayaw.
  2659 | D:4      | Noticed Edmund
  2676 | D:4      | Killed Edmund
  2677 | D:4      | Reached skill level 5 in Fighting
  2811 | D:4      | Found a shimmering altar of Xom.
  2984 | D:4      | Found a runed translucent door.
  2985 | D:4      | Noticed Crazy Yiuf
  2993 | D:4      | Killed Crazy Yiuf
  3047 | D:4      | Noticed Eustachio
  3063 | D:4      | Identified a scroll of acquirement
  3302 | D:4      | Killed Eustachio
  3303 | D:4      | Reached skill level 5 in Spellcasting
  3303 | D:4      | Reached XP level 8. HP: 39/61 MP: 0/0
  3431 | D:4      | Acquired an amulet of regeneration
  3538 | D:4      | Reached skill level 6 in Fighting
  3779 | D:5      | Entered Level 5 of the Dungeon
  4056 | D:5      | Reached skill level 7 in Fighting
  4250 | D:5      | Reached XP level 9. HP: 68/68 MP: 0/0
  4250 | D:5      | Learned a level 4 spell: Sticky Flame
  4767 | D:6      | Reached skill level 8 in Fighting
  4961 | D:6      | Found a transporter.
  4962 | D:6      | Noticed a troll
  4967 | D:6      | Noticed DasBelly's ghost (novice DEFE)
  5027 | D:6      | Found a transporter.
  6132 | D:7      | Reached skill level 9 in Fighting
  6132 | D:7      | Reached XP level 10. HP: 78/78 MP: 0/0
  6173 | D:7      | Found a staircase to the Ecumenical Temple.
  6182 | Temple   | Entered the Ecumenical Temple
  6182 | Temple   | Found a transporter.
  6182 | Temple   | Found a transporter.
  6184 | Temple   | Found a transporter.
  6184 | Temple   | Found a transporter.
  6266 | Temple   | Became a worshipper of Makhleb the Destroyer
  6656 | D:7      | Reached skill level 5 in Dodging
  6689 | D:7      | Noticed a deep elf pyromancer
  6703 | D:7      | Killed a deep elf pyromancer
  7373 | D:8      | Reached skill level 10 in Fighting
  7413 | D:8      | Reached skill level 5 in Stealth
  7492 | D:8      | Noticed a two-headed ogre
  7498 | D:8      | Found a transporter.
  7498 | D:8      | Noticed an efreet
  7498 | D:8      | Noticed Vadun's ghost (novice GrGl)
  7512 | D:8      | Found a transporter.
  7726 | D:9      | Reached * piety under Makhleb
  7773 | D:9      | Found an iron altar of Okawaru.
  7866 | D:9      | Reached XP level 11. HP: 53/86 MP: 0/0
  7866 | D:9      | Learned a level 4 spell: Animate Dead
  7967 | D:9      | Noticed a manticore
  7982 | D:9      | Killed a manticore
  7983 | D:9      | Reached skill level 11 in Fighting
  8155 | D:10     | Entered Level 10 of the Dungeon
  8189 | D:10     | Reached skill level 1 in Shields
  8189 | D:10     | Reached skill level 1 in Invocations
  8210 | D:10     | Found a staircase to the Orcish Mines.
  8406 | D:10     | Identified the +2 short sword of Viaxtuen {vamp, rElec MP+9
                  | Stlth+}
  8620 | D:10     | Identified the +4 scale mail of Niew {-Cast +Blink rElec
                  | rN+}
  8730 | D:10     | Reached ** piety under Makhleb
  9123 | D:10     | Found a bloodstained altar of Trog.
  9151 | D:10     | Found a staircase to the Lair.
  9305 | Lair:1   | Entered Level 1 of the Lair of Beasts
  9312 | Lair:1   | Noticed a death yak
  9312 | Lair:1   | Noticed a death yak
  9316 | Lair:1   | Noticed a death yak
  9318 | Lair:1   | Noticed a death yak
  9319 | Lair:1   | Noticed a death yak
  9332 | D:10     | Killed a death yak
  9379 | D:10     | Killed a death yak
  9521 | D:10     | Killed a death yak
  9540 | D:10     | Killed a death yak
  9541 | D:10     | Reached skill level 12 in Fighting
  9720 | D:10     | Killed a death yak
  9721 | D:10     | Reached skill level 1 in Armour
  9721 | D:10     | Reached skill level 5 in Shields
  9721 | D:10     | Reached skill level 5 in Invocations
  9721 | D:10     | Reached XP level 12. HP: 69/95 MP: 0/0
  9855 | Lair:1   | Reached skill level 1 in Evocations
 10799 | Lair:1   | Noticed a catoblepas
 10813 | Lair:1   | Killed a catoblepas
 11335 | Lair:2   | Reached *** piety under Makhleb
 11672 | Lair:2   | Noticed an eight-headed hydra
 11682 | Lair:2   | Reached skill level 5 in Armour
 11683 | Lair:2   | Killed an eight-headed hydra
 11684 | Lair:2   | Reached skill level 1 in Short Blades
 11760 | Lair:2   | Reached skill level 5 in Evocations
 12017 | Lair:2   | Reached XP level 13. HP: 100/101 MP: 0/0
 12017 | Lair:2   | Learned a level 5 spell: Freezing Cloud
 12227 | Lair:2   | Noticed a seven-headed hydra
 12235 | Lair:2   | Killed a seven-headed hydra
 12999 | Lair:3   | Noticed Amaemon
 13176 | Lair:3   | Reached **** piety under Makhleb
 13186 | Lair:3   | Reached skill level 5 in Short Blades
 13345 | Lair:3   | Found a hide-covered altar of Uskayaw.
 13438 | Lair:3   | Killed Amaemon
 13502 | Lair:3   | Noticed a seven-headed hydra
 13515 | Lair:3   | HP: 4/101 [yak (8)]
 13969 | Lair:3   | Killed a seven-headed hydra
 14113 | Lair:3   | Found a staircase to the Shoals.
 14268 | Lair:3   | Found a hole to the Spider Nest.
 14351 | Lair:4   | Found a staircase to the Slime Pits.
 14364 | Lair:4   | Noticed a catoblepas
 14387 | Lair:4   | Killed a catoblepas
 14507 | Lair:4   | Reached XP level 14. HP: 108/108 MP: 0/0
 15624 | Lair:5   | Entered Level 5 of the Lair of Beasts
 15926 | Lair:5   | Found a runed translucent gate.
 15926 | Lair:5   | Found a runed translucent gate.
 15926 | Lair:5   | Found a runed translucent gate.
 16008 | Lair:5   | Reached skill level 13 in Fighting
 16139 | Lair:5   | Reached skill level 10 in Spellcasting
 16398 | Lair:5   | Reached ***** piety under Makhleb
 16878 | Lair:5   | Reached skill level 10 in Dodging
 17764 | Lair:5   | Reached XP level 15. HP: 114/116 MP: 0/0
 17764 | Lair:5   | Learned a level 6 spell: Iron Shot
 18373 | Lair:5   | Noticed Bravis's ghost (journeyman GnWn)
 18373 | Lair:5   | Noticed kd29's ghost (journeyman DrTm)
 18962 | D:11     | Noticed Erolcha
 18968 | D:11     | Killed Erolcha
 18979 | D:11     | Reached skill level 1 in Maces & Flails
 18992 | D:11     | Reached skill level 14 in Fighting
 19266 | D:11     | Noticed Sonja
 19273 | D:11     | Killed Sonja
 19330 | D:11     | Found a glowing silver altar of Zin.
 19544 | D:11     | Found a portal to a secret trove of treasure.
 19850 | D:12     | Identified the ring "Fiephiej" {Contam Fly rC+ Str-3 Int+5}
 21592 | D:13     | Found a gate to the Vaults.
 22623 | D:12     | Noticed a sphinx
 22623 | D:12     | Noticed a fire giant
 22623 | D:12     | Noticed a tengu reaver
 23024 | D:14     | Identified Roxanne's Secrets of Permutations
 23024 | D:14     | Noticed Roxanne
 23264 | D:14     | HP: 4/117 [manticore/volley of spikes (16)]
 23413 | D:14     | Identified the +4 leather armour of Temperance {rF+ Dex+6}
 23413 | D:14     | Identified the ring "Vyskueg" {rElec rC+ rN++ Will+ Stlth-}
 23592 | D:14     | Reached skill level 5 in Maces & Flails
 23613 | D:14     | Reached XP level 16. HP: 104/123 MP: 0/0
 24120 | D:14     | Identified the +11 spear of Blood {drain, rPois Int+5}
 24156 | D:14     | Identified the +11 shortbow of the Kidney {vorpal, rPois
                  | rN+ rCorr Str-3}
 24167 | D:14     | Reached ****** piety under Makhleb
 24804 | D:14     | Killed Roxanne
 25017 | D:14     | Identified the +10 rapier of Cufifet {chaos, Int-4 Dex+4}
 25382 | D:15     | Entered Level 15 of the Dungeon
 25569 | D:15     | Found Sihesum's Weapon Boutique.
 25582 | D:15     | Acquired a manual of Armour
 25772 | D:15     | Found a white marble altar of Elyvilon.
 26170 | D:15     | Noticed Rupert
 26178 | D:15     | Killed Rupert
 26322 | D:15     | Found a staircase to the Depths.
 26738 | Lair:1   | Upgraded the game from 0.30-a0-339-g89bb51ec76 to
                  | 0.30-a0-341-g682706514a
 26810 | Orc:1    | Entered Level 1 of the Orcish Mines
 26875 | Orc:2    | Entered Level 2 of the Orcish Mines
 27039 | Orc:1    | You are sucked into a shaft and drop 1 floor!
 27741 | Orc:1    | Found a transporter.
 27746 | Orc:1    | Noticed blackman's ghost (adept HuDe)
 27747 | Orc:1    | Found a transporter.
 27749 | Orc:1    | Identified the +10 great mace "Tormentor" {pain, Int+2}
 27749 | Orc:1    | Identified the +0 great mace of the Solstice {speed, Dex+2}
 27820 | Orc:1    | Found a bloodstained altar of Trog.
 27820 | Orc:1    | Found the +8 Wrath of Trog {antimagic, *Rage Rampage}
 28479 | Orc:2    | Found a staircase to the Elven Halls.
 28867 | Orc:2    | Found Qeorautz's Antique Weapon Shoppe.
 28867 | Orc:2    | Found Wakohuzu's Magic Scroll Emporium.
 28870 | Orc:2    | Found Woakhy's Weapon Shoppe.
 28870 | Orc:2    | Found Jiz Ypahy's Antique Armour Emporium.
 28942 | Orc:2    | Bought a scroll of identify for 28 gold pieces
 28942 | Orc:2    | Bought a scroll of enchant weapon for 105 gold pieces
 29050 | Orc:2    | Bought the +8 lance "Wyrmbane" {slay drac, rPois rF+ rC+
                  | AC+3} for 1777 gold pieces
 29050 | Orc:2    | Found the +8 lance "Wyrmbane" {slay drac, rPois rF+ rC+
                  | AC+3}
 29309 | Spider:1 | Entered Level 1 of the Spider Nest
 29466 | Spider:1 | Reached XP level 17. HP: 65/129 MP: 0/0
 29466 | Spider:1 | Learned a level 7 spell: Summon Hydra
 32259 | Spider:2 | Reached skill level 15 in Fighting
 32414 | Spider:2 | Reached skill level 10 in Armour
 32576 | Spider:2 | Identified the +4 short sword "Atzeppigg" {freeze, rElec
                  | rN++ Str-2}
 33350 | Orc:1    | Found a transporter.
 33363 | Orc:1    | Found a transporter.
 33372 | Orc:1    | Found a runed translucent door.
 33404 | Orc:1    | Annihilated by an ettin

Illustrated notes

Levels and vault maps discovered:
D:1:      erik_arrival_triangle_medium, layout_loops_cross, serial_shops, shop,
          dreamdust_ecumenical_altar_grove, minmay_tetromino_l4
D:2:      layout_rooms
D:3:      layout_loops_ring, nicolae_ru_sacrificial_ziggurat, uniq_natasha,
          uniq_sigmund, uniq_jessica
D:4:      layout_loops_corners, nicolae_overflow_hidden_temple,
          xom_confusion_cloud, uniq_eustachio, uniq_crazy_yiuf_cottage,
          uniq_edmund
D:5:      layout_basic, kennysheep_generic_room_3
D:6:      layout_gridville, gammafunk_ghost_arena, minivault_1
D:7:      layout_loops_cross, minmay_temple_entry_mini_moons,
          minmay_misc_feat_tiny, minmay_misc_feat_pillars, abandoned_shop,
          minmay_three_doors
D:8:      layout_loops_ring, gammafunk_ghost_arena, hangedman_decor_opposing,
          st_stairs_4
D:9:      layout_rooms, okawaru_ov_weapons_minmay
D:10:     layout_basic, lightli_temple_of_fire, grunt_lair_entry_orc_guard_hut,
          david_orc_2, serial_corexii_hall, corexii_hall_statues_x,
          chequers_hall_statues_y, nicolae_concentric_dashed_squares_mild,
          minivault_21, minmay_gold_behind_fungi, chequers_serial_rivers_micro_b
D:11:     layout_small_grid, nicolae_trove_entry_diagonal, zin_academy,
          uniq_sonja, uniq_erolcha
D:12:     minmay_connected_triangles_in_corner, layout_stronghold
D:13:     layout_stronghold, david_vaults_4
D:14:     fort_yaktaur, layout_rooms, grunt_decor_cap, eino_tiny_chamber,
          dreamdust_princess_corridor, dreamdust_princess_bridge,
          minmay_the_grid_square_5x5_3x3_mashed
          [minmay_the_grid_square_5x5_gyroscope,
          minmay_the_grid_square_5x5_six_small,
          minmay_the_grid_square_5x5_detours,
          minmay_the_grid_square_5x5_shrine2,
          minmay_the_grid_square_5x5_megaprize_checkered,
          minmay_the_grid_square_5x5_minivault,
          minmay_the_grid_square_5x5_shrine1,
          minmay_the_grid_square_5x5_minimal,
          minmay_the_grid_square_5x5_intrusive_squares], uniq_roxanne
D:15:     grunt_enter_depths_magical_seal, layout_long_grid, serial_shops,
          shop_coins, elyvilon_altar_1, uniq_rupert
Temple:   hellmonk_temple_divided_pantheon
Lair:1:   layout_cave_pods
Lair:2:   layout_cave_pods
Lair:3:   layout_roguey, shoals_dummy_entry, spider_nest_entry_funnel_web,
          basic_altar, grunt_megastairs_1, uniq_amaemon
Lair:4:   layout_small_grid, slime_entry_1, grunt_megastairs_2,
          lemuel_fruit_tree
Lair:5:   guppyfry_lair_end_dragon, layout_regular_city,
          hangedman_lair_in_review, gammafunk_ghost_cemetery
Spider:1: layout_chambers
Spider:2: layout_chambers, worms_lemuel
Orc:1:    emtedronai_trogs_sanctum, layout_diamond_mine, gammafunk_ghost_smash
Orc:2:    st_orc_mages, layout_caves

Skill      XL: |  1  2  3  4  5  6  7  8  9 10 11 12 13 14 15 16 17 |
---------------+----------------------------------------------------+-----
Fighting       | 1 2 4 5 7 9 10 12 13 14 15 | 15.0
Spellcasting   | 3 4 5 6 7 8 9 10 11 12 | 12.4
Stealth        | 3 5 |  5.0
Dodging        | 3 7 10 12 | 12.0
Shields        | 5 7 |  7.0
Invocations    | 5 7 9 |  9.0
Armour         | 1 5 7 10 | 10.1
Evocations     | 5 |  5.0
Short Blades   | 2 6 |  6.0
Maces & Flails | 5 6 7 |  7.1

Action                   |  1- 3 |  4- 6 |  7- 9 | 10-12 | 13-15 | 16-18 || total
-------------------------+-------+-------+-------+-------+-------+-------++-------
Melee: Unarmed           |     9 |       |       |       |       |       ||     9
       Punch             |     2 |       |       |     1 |       |       ||     3
       Short sword       |    17 |    14 |    21 |       |       |       ||    52
       Dagger            |       |       |    25 |   186 |   286 |    83 ||   580
       Whip              |       |       |       |    12 |    12 |       ||    24
       Staff             |       |       |       |       |    19 |       ||    19
       Demon whip        |       |       |       |       |   188 |   510 ||   698
 Fire: Shortbow          |       |       |       |     8 |       |       ||     8
Throw: Dart              |       |       |       |     9 |     2 |     3 ||    14
 Cast: Foxfire           |    52 |    62 |   102 |   130 |   146 |    69 ||   561
       Scorch            |       |    16 |    40 |    60 |   168 |    66 ||   350
       Tukima's Dance    |       |       |     2 |     2 |     3 |    10 ||    17
       Shock             |       |       |     9 |     5 |     1 |       ||    15
       Ensorcelled Hiber |       |       |     1 |     1 |     1 |     2 ||     5
       Flame Wave        |       |       |     5 |    15 |    20 |    29 ||    69
       Sticky Flame      |       |       |     2 |    32 |    72 |    28 ||   134
       Kindle Blastspark |       |       |       |     1 |     9 |     4 ||    14
       Animate Dead      |       |       |       |     5 |     6 |     3 ||    14
       Inner Flame       |       |       |       |     8 |     1 |     5 ||    14
       Freezing Cloud    |       |       |       |       |    38 |    41 ||    79
       Iron Shot         |       |       |       |       |     3 |    50 ||    53
Invok: Minor Destruction |       |       |       |       |     1 |     1 ||     2
       Lesser Servant of |       |       |       |       |     1 |       ||     1
       Major Destruction |       |       |       |       |       |     1 ||     1
Evoke: Wand              |       |       |       |     1 |     3 |    15 ||    19
       Lightning rod     |       |       |       |       |     1 |       ||     1
       Box of beasts     |       |       |       |       |       |     1 ||     1
  Use: Scroll            |       |       |    11 |    15 |    11 |    12 ||    49
       Potion            |       |       |     1 |       |     3 |     5 ||     9
 Stab: Sleeping          |       |       |     1 |     1 |     6 |     1 ||     9
       Distracted        |       |       |       |       |     4 |       ||     4
       Invisible         |       |       |       |       |       |     5 ||     5
Armor: Robe              |     8 |     9 |    27 |       |       |       ||    44
       Leather armour    |       |       |    20 |   156 |   205 |   255 ||   636
       Steam dragon scal |       |       |       |       |    30 |       ||    30
       Ring mail         |       |       |       |       |    21 |       ||    21
Dodge: Dodged            |    20 |    19 |    92 |   187 |   514 |   696 ||  1528
Block: Buckler           |       |       |       |    38 |   172 |   311 ||   521

Table legend: (Time is in decaauts)
 A = Elapsed time spent in this place.
 B = Non-inter-level travel time spent in this place.
 C = Inter-level travel time spent in this place.
 D = Time resting spent in this place.
 E = Time spent auto-exploring this place.
 F = Levels seen in this place.
 G = Mean time per level.
                   A        B        C        D        E       F      G
               +--------+--------+--------+--------+--------+-----+--------+
         Total |  33680 |  31345 |   2335 |   9333 |  13894 |  25 | 1347.2 |
       Dungeon |  17423 |  16204 |   1219 |   4420 |   8098 |  15 | 1161.5 |
        Temple |    101 |    101 |      0 |      0 |      1 |   1 |  101.0 |
          Lair |  10006 |   9133 |    873 |   3185 |   3753 |   5 | 2001.2 |
   Spider Nest |   3536 |   3461 |     75 |   1058 |   1723 |   2 | 1768.0 |
  Orcish Mines |   2612 |   2445 |    167 |    670 |    318 |   2 | 1306.0 |
               +--------+--------+--------+--------+--------+-----+--------+

Top non-repeatable levels by time:
  Lair:5: 2913 daAuts
  Lair:1: 2290 daAuts
    D:14: 2162 daAuts
  Lair:2: 1910 daAuts
Spider:2: 1863 daAuts
    D:10: 1807 daAuts
Spider:1: 1672 daAuts
    D:13: 1590 daAuts
     D:4: 1574 daAuts
   Orc:2: 1567 daAuts
  Lair:4: 1543 daAuts
    D:12: 1369 daAuts
     D:6: 1351 daAuts
  Lair:3: 1348 daAuts
    D:11: 1263 daAuts
